MLB
NEW YORK METS @ ST. LOUIS CARDINALS
08/17/2023
 
TOP OF THE 1ST
New York Mets batting - Pitching for St. Louis Cardinals : RHP Alex Cobb
Pitching: RHP Alex Cobb
Batting: LHB Luis Arraez 0-0: Ball
1-0: Swinging Strike
1-1: Ground out 4-3 (Groundball, 4S, EV 91.3 MPH)
Batting: LHB Jake McCarthy 0-0: Foul Ball, location: 9LSF
0-1: Ball
1-1: Foul Ball, location: 2F
1-2: Foul Ball, location: 7LMF
1-2: Ball
2-2: Foul Ball, location: 5F
2-2: Ball
3-2: Base on Balls
Batting: RHB Jeremy Pena 0-0: Swinging Strike
0-1: Fly out, F8 (Flyball, 8LM, EV 90.6 MPH)
Batting: SHB Ian Happ 0-0: Foul Ball, location: 5FF
0-1: Ball
1-1: Ball
2-1: Ball
3-1: Foul Ball, location: 2F
3-2: Fly out, F9 (Flyball, 89M, EV 99.4 MPH)
Top of the 1st over - 0 runs, 0 hits, 0 errors, 1 left on base; New York 0 - St. Louis 0
BOTTOM OF THE 1ST
St. Louis Cardinals batting - Pitching for New York Mets : RHP Bobby Miller
Pitching: RHP Bobby Miller
Batting: LHB Juan Soto 0-0: Called Strike
0-1: Foul Ball, location: 3FF
0-2: Ball
1-2: Foul Ball, location: 2F
1-2: Ball
2-2: Foul Ball, location: 7LDF
2-2: Ground out U3 (Groundball, 13, EV 93.1 MPH)
Batting: LHB Lars Nootbaar 0-0: Ball
1-0: Ball
2-0: Fly out, F7 (Line Drive, 7D, EV 83.1 MPH)
Batting: LHB Austin Meadows 0-0: Ball
1-0: Swinging Strike
1-1: Fly out, F9 (Flyball, 9D, EV 105.6 MPH)
Bottom of the 1st over - 0 runs, 0 hits, 0 errors, 0 left on base; New York 0 - St. Louis 0
TOP OF THE 2ND
New York Mets batting - Pitching for St. Louis Cardinals : RHP Alex Cobb
Batting: RHB Eugenio Suarez 0-0: SINGLE (Line Drive, 56D, EV 96.9 MPH)
Batting: RHB Rhys Hoskins 0-0: Ball
1-0: Called Strike
1-1: Reached on error, E6 (Groundball, 6, EV 100.6 MPH)
Eugenio Suarez to second
Batting: RHB Kyle Farmer 0-0: Called Strike
0-1: Swinging Strike
0-2: Strikes out swinging
Batting: RHB Hunter Renfroe 0-0: Fly out, F7 (Flyball, 7, EV 86.3 MPH)
Batting: LHB Andres Gimenez 0-0: Ball
1-0: Ball
2-0: Ball
3-0: Called Strike
3-1: Fly out, F7 (Flyball, 7S, EV 80.0 MPH)
Top of the 2nd over - 0 runs, 1 hit, 1 error, 2 left on base; New York 0 - St. Louis 0
BOTTOM OF THE 2ND
St. Louis Cardinals batting - Pitching for New York Mets : RHP Bobby Miller
Batting: RHB Joey Meneses 0-0: Called Strike
0-1: Ball
1-1: Ball
2-1: Called Strike
2-2: Foul Ball, location: 9LDF
2-2: Ball
3-2: Foul Ball, location: 2RF
3-2: Ground out 5-3 (Groundball, 56, EV 95.6 MPH)
Batting: RHB Alex Bregman 0-0: Foul Ball, location: 9LDF
0-1: Ball
1-1: SOLO HOME RUN (Flyball, 7D, EV 110.0 MPH), Distance : 407 ft
Batting: RHB Brendan Rodgers 0-0: Called Strike
0-1: Ball
1-1: Ball
2-1: Ball
3-1: Base on Balls
Batting: RHB Adolis Garcia 0-0: Ball
1-0: Ball
2-0: Called Strike
2-1: Called Strike
2-2: Ball
3-2: Base on Balls
Brendan Rodgers to second
Batting: RHB Luis Urias 0-0: Ball
1-0: Ball
2-0: Called Strike
2-1: Called Strike
2-2: Ball
3-2: Strikes out swinging
Batting: RHB Jacob Stallings 0-0: Called Strike
0-1: Called Strike
0-2: Ball
1-2: Ball
2-2: Strikes out looking
Bottom of the 2nd over - 1 run, 1 hit, 0 errors, 2 left on base; New York 0 - St. Louis 1
TOP OF THE 3RD
New York Mets batting - Pitching for St. Louis Cardinals : RHP Alex Cobb
Batting: LHB Luis Arraez 0-0: SINGLE (Line Drive, 7S, EV 108.1 MPH)
Batting: LHB Jake McCarthy 0-0: Called Strike
0-1: Ball
1-1: Bunted foul
1-2: Foul Ball, location: 5SF
1-2: Foul Ball, location: 5FF
1-2: Ball
2-2: Foul Ball, location: 5FF
2-2: SINGLE (Groundball, 4M, EV 109.4 MPH) (infield hit)
Luis Arraez to second
Batting: RHB Jeremy Pena 0-0: Fly out, F8 (Flyball, 8LS, EV 98.1 MPH)
Batting: SHB Ian Happ 0-0: Ball
1-0: Ball
2-0: Called Strike
2-1: Grounds into double play, 3-6-3 (Groundball, 3, EV 80.0 MPH)
Top of the 3rd over - 0 runs, 2 hits, 0 errors, 1 left on base; New York 0 - St. Louis 1
BOTTOM OF THE 3RD
St. Louis Cardinals batting - Pitching for New York Mets : RHP Bobby Miller
Batting: LHB Juan Soto 0-0: Ball
1-0: Ball
2-0: Called Strike
2-1: Ball
3-1: Base on Balls
Batting: LHB Lars Nootbaar 0-0: Called Strike
0-1: Ball
1-1: Swinging Strike
1-2: Foul Ball, location: 5SF
1-2: Ball
2-2: SINGLE (Groundball, 6, EV 101.3 MPH)
Juan Soto to second
Batting: LHB Austin Meadows 0-0: Foul Ball, location: 9LDF
0-1: Ball
1-1: Ball
2-1: Called Strike
2-2: Ball
3-2: Foul Ball, location: 7LSF
3-2: Foul Ball, location: 9LSF
3-2: Foul Ball, location: 2F
3-2: Strikes out looking
Batting: RHB Joey Meneses 0-0: Ball
1-0: Ball
2-0: Foul Ball, location: 2F
2-1: Foul Ball, location: 5SF
2-2: Grounds into double play, 6-4-3 (Groundball, 6M, EV 92.5 MPH)
Bottom of the 3rd over - 0 runs, 1 hit, 0 errors, 1 left on base; New York 0 - St. Louis 1
TOP OF THE 4TH
New York Mets batting - Pitching for St. Louis Cardinals : RHP Alex Cobb
Batting: RHB Eugenio Suarez 0-0: SINGLE (Groundball, 4M, EV 99.4 MPH) (infield hit)
Batting: RHB Rhys Hoskins 0-0: Ball
1-0: SINGLE (Flyball, 78S, EV 84.4 MPH)
Eugenio Suarez to second
Batting: RHB Kyle Farmer 0-0: Ball
1-0: Called Strike
1-1: Called Strike
1-2: Ball
2-2: Ground out 5-3 (Groundball, 56, EV 71.9 MPH)
Eugenio Suarez to third
Rhys Hoskins to second
Batting: RHB Hunter Renfroe 0-0: Called Strike
0-1: Fly out, F8 (Flyball, 8LXD, EV 101.3 MPH)
Runner from 3rd tags up, SCORES, no throw by CF
Batting: LHB Andres Gimenez 0-0: Ball
1-0: Ground out 6-3 (Groundball, 6, EV 110.0 MPH)
Top of the 4th over - 1 run, 2 hits, 0 errors, 1 left on base; New York 1 - St. Louis 1
BOTTOM OF THE 4TH
St. Louis Cardinals batting - Pitching for New York Mets : RHP Bobby Miller
Batting: RHB Alex Bregman 0-0: Called Strike
0-1: Called Strike
0-2: Foul Ball, location: 2F
0-2: Foul Ball, location: 9LSF
0-2: Ball
1-2: Ball
2-2: Foul Ball, location: 7LMF
2-2: Fly out, F5 (Line Drive, 5, EV 71.3 MPH)
Pitching: LHP Brock Burke
Batting: RHB Brendan Rodgers 0-0: Called Strike
0-1: Swinging Strike
0-2: Strikes out swinging
Batting: RHB Adolis Garcia 0-0: Ball
1-0: Foul Ball, location: 5FF
1-1: Called Strike
1-2: Foul Ball, location: 2F
1-2: Fly out, F8 (Flyball, 8RD, EV 110.0 MPH)
Bottom of the 4th over - 0 runs, 0 hits, 0 errors, 0 left on base; New York 1 - St. Louis 1
TOP OF THE 5TH
New York Mets batting - Pitching for St. Louis Cardinals : RHP Alex Cobb
Batting: LHB Luis Arraez 0-0: Ball
1-0: Fly out, F7 (Flyball, 7, EV 100.0 MPH)
Batting: LHB Jake McCarthy 0-0: Called Strike
0-1: DOUBLE (Line Drive, 89M, EV 103.8 MPH)
Batting: RHB Jeremy Pena 0-0: Ball
1-0: Called Strike
1-1: Swinging Strike
1-2: Foul Ball, location: 2F
1-2: Strikes out swinging
Batting: SHB Ian Happ 0-0: Called Strike
0-1: Ball
1-1: Foul Ball, location: 2F
1-2: SINGLE (Line Drive, 34D, EV 96.3 MPH)
Jake McCarthy to third
Runner from 3rd tries for Home, SAFE, throw by RF to home
Batting: RHB Eugenio Suarez 0-0: Fly out, F7 (Flyball, 7LD, EV 94.4 MPH)
Top of the 5th over - 1 run, 2 hits, 0 errors, 1 left on base; New York 2 - St. Louis 1
BOTTOM OF THE 5TH
St. Louis Cardinals batting - Pitching for New York Mets : LHP Brock Burke
Batting: RHB Luis Urias 0-0: Ball
1-0: Swinging Strike
1-1: Foul Ball, location: 2F
1-2: Strikes out swinging
Batting: RHB Jacob Stallings 0-0: Ball
1-0: Ball
2-0: Ball
3-0: Called Strike
3-1: Ground out 6-3 (Groundball, 6, EV 105.6 MPH)
Batting: LHB Juan Soto 0-0: Foul Ball, location: 2F
0-1: Foul Ball, location: 23FF
0-2: Foul Ball, location: 7LSF
0-2: Foul Ball, location: 5DF
0-2: Strikes out looking
Bottom of the 5th over - 0 runs, 0 hits, 0 errors, 0 left on base; New York 2 - St. Louis 1
TOP OF THE 6TH
New York Mets batting - Pitching for St. Louis Cardinals : RHP Alex Cobb
Batting: RHB Rhys Hoskins 0-0: Fly out, F9 (Flyball, 8RS, EV 88.1 MPH)
Batting: RHB Kyle Farmer 0-0: Ground out 4-3 (Groundball, 4MD, EV 84.4 MPH)
Batting: RHB Hunter Renfroe 0-0: Ball
1-0: Called Strike
1-1: Fly out, F7 (Flyball, 78M, EV 86.9 MPH)
Top of the 6th over - 0 runs, 0 hits, 0 errors, 0 left on base; New York 2 - St. Louis 1
BOTTOM OF THE 6TH
St. Louis Cardinals batting - Pitching for New York Mets : LHP Brock Burke
Batting: LHB Lars Nootbaar 0-0: Swinging Strike
0-1: Foul Ball, location: 7LDF
0-2: Fly out, F7 (Flyball, 78S, EV 88.1 MPH)
Pinch Hitting: RHB Brandon Drury 0-0: Called Strike
0-1: Ball
1-1: Ball
2-1: Fly out, F7 (Flyball, 78M, EV 85.0 MPH)
Batting: RHB Joey Meneses 0-0: Ball
1-0: Called Strike
1-1: Called Strike
1-2: Strikes out swinging
Bottom of the 6th over - 0 runs, 0 hits, 0 errors, 0 left on base; New York 2 - St. Louis 1
TOP OF THE 7TH
New York Mets batting - Pitching for St. Louis Cardinals : RHP Alex Cobb
Now at 1B: Brandon Drury
Now in RF: Lars Nootbaar
Batting: LHB Andres Gimenez 0-0: Ball
1-0: Ball
2-0: Called Strike
2-1: Foul Ball, location: 25F
2-2: Strikes out swinging
Batting: LHB Luis Arraez 0-0: Foul Ball, location: 7LSF
0-1: Ball
1-1: SINGLE (Line Drive, 6MD, EV 94.4 MPH)
Batting: LHB Jake McCarthy 0-0: Ball
1-0: Ball
2-0: Called Strike
2-1: Ball
3-1: Base on Balls
Luis Arraez to second
Pitching: LHP Dylan Lee
Batting: RHB Jeremy Pena 0-0: Ball
1-0: Foul Ball, location: 25F
1-1: Ball
2-1: Called Strike
2-2: Ball
3-2: Strikes out swinging
Batting: SHB Ian Happ 0-0: Called Strike
0-1: Ground out 5-3 (Groundball, 56S, EV 90.6 MPH)
Top of the 7th over - 0 runs, 1 hit, 0 errors, 2 left on base; New York 2 - St. Louis 1
BOTTOM OF THE 7TH
St. Louis Cardinals batting - Pitching for New York Mets : LHP Brock Burke
Pitching: RHP Giovanny Gallegos
Batting: RHB Alex Bregman 0-0: Ball
1-0: Ball
2-0: Swinging Strike
2-1: Called Strike
2-2: Strikes out swinging
Pinch Hitting: SHB Ozzie Albies 0-0: Foul Ball, location: 2F
0-1: Ball
1-1: Called Strike
1-2: Ball
2-2: Ball
3-2: Strikes out swinging
Batting: RHB Adolis Garcia 0-0: Foul Ball, location: 5F
0-1: Ball
1-1: Foul Ball, location: 9LDF
1-2: Ground out 6-3 (Groundball, 6S, EV 86.3 MPH)
Bottom of the 7th over - 0 runs, 0 hits, 0 errors, 0 left on base; New York 2 - St. Louis 1
TOP OF THE 8TH
New York Mets batting - Pitching for St. Louis Cardinals : LHP Dylan Lee
Pitching: RHP Trevor Brigden
Now at 2B: Ozzie Albies
Now at SS: Luis Urias
Batting: RHB Eugenio Suarez 0-0: Ball
1-0: Ball
2-0: Ball
3-0: Called Strike
3-1: SINGLE (Groundball, 56S, EV 69.4 MPH) (infield hit)
Batting: RHB Rhys Hoskins 0-0: Ball
1-0: Grounds into double play, 5-4-3 (Groundball, 56S, EV 80.0 MPH)
Batting: RHB Kyle Farmer 0-0: Ball
1-0: Called Strike
1-1: Swinging Strike
1-2: Strikes out swinging
Top of the 8th over - 0 runs, 1 hit, 0 errors, 0 left on base; New York 2 - St. Louis 1
BOTTOM OF THE 8TH
St. Louis Cardinals batting - Pitching for New York Mets : RHP Giovanny Gallegos
Pitching: RHP Ron Marinaccio
Batting: RHB Luis Urias 0-0: Foul Ball, location: 9LSF
0-1: Ball
1-1: Foul Ball, location: 2F
1-2: Ball
2-2: Strikes out swinging
Batting: RHB Jacob Stallings 0-0: Called Strike
0-1: Ball
1-1: Foul Ball, location: 2F
1-2: SINGLE (Groundball, 56D, EV 106.3 MPH)
Batting: LHB Juan Soto 0-0: Swinging Strike
0-1: Foul Ball, location: 3F
0-2: Ball
1-2: Strikes out swinging
Batting: LHB Lars Nootbaar 0-0: Ball
1-0: Ball
2-0: Ball
3-0: Called Strike
3-1: Called Strike
3-2: Strikes out swinging
Bottom of the 8th over - 0 runs, 1 hit, 0 errors, 1 left on base; New York 2 - St. Louis 1
TOP OF THE 9TH
New York Mets batting - Pitching for St. Louis Cardinals : RHP Trevor Brigden
Pitching: RHP Trevor Gott
Batting: RHB Hunter Renfroe 0-0: Ball
1-0: Ball
2-0: Foul Ball, location: 9LSF
2-1: Ball
3-1: Foul Ball, location: 2F
3-2: Base on Balls
Batting: LHB Andres Gimenez 0-0: Ball
1-0: Foul Ball, location: 2F
1-1: Called Strike
1-2: Strikes out swinging
Batting: LHB Luis Arraez 0-0: Ball
1-0: Grounds into double play, 4-6-3 (Groundball, 4, EV 78.1 MPH)
Top of the 9th over - 0 runs, 0 hits, 0 errors, 0 left on base; New York 2 - St. Louis 1
BOTTOM OF THE 9TH
St. Louis Cardinals batting - Pitching for New York Mets : RHP Ron Marinaccio
Pitching: RHP Alexis Diaz
Pinch Hitting: LHB Didi Gregorius 0-0: Called Strike
0-1: Ball
1-1: Ball
2-1: SINGLE (Flyball, 89S, EV 98.8 MPH)
Batting: RHB Joey Meneses 0-0: Called Strike
0-1: Ball
1-1: Ball
2-1: Foul Ball, location: 2F
2-2: Foul Ball, location: 2F
2-2: Ball
3-2: Strikes out swinging
Batting: RHB Alex Bregman 0-0: Ground out 6-3 (Groundball, 6S, EV 69.4 MPH)
Didi Gregorius to second
Batting: SHB Ozzie Albies 0-0: Called Strike
0-1: Ball
1-1: Called Strike
1-2: Ball
2-2: Strikes out swinging
Bottom of the 9th over - 0 runs, 1 hit, 0 errors, 1 left on base; New York 2 - St. Louis 1
Sunday, October 29th , 2023 - OOTP Baseball 24.10 Build 82